 Dungeon Crawl Stone Soup version 0.30-a0-782-ge64f9170bb (webtiles) character file.

Game seed: 3410133226111959231

275 Goldberg the Chopper (level 6, -1/43 HPs)
             Began as an Octopode Fighter on Feb 19, 2023.
             Killed from afar by an orc wizard (9 damage)
             ... with a magic dart
             ... on level 3 of the Dungeon.
             The game lasted 00:07:05 (2227 turns).

Goldberg the Chopper (Octopode Fighter)             Turns: 2227, Time: 00:07:06

Health: -1/43      AC:  1    Str: 17    XL:     6   Next: 25%
Magic:  6/6        EV: 13    Int: 10    God:
Gold:   79         SH:  0    Dex: 12    Spells: 5/5 levels left

rFire   . . .      SeeInvis .    a - +2 war axe
rCold   + . .      Faith    .    b - +1 buckler
rNeg    . . .      Spirit   .    (helmet restricted)
rPois   +          Reflect  .    (no amulet)
rElec   .          Harm     .    k - ring of poison resistance
rCorr   .          Rampage  .    d - ring of ice
Will    .....                    m - ring of protection from fire
Stlth   ++                       (no ring)
HPRegen 0.27/turn                (no ring)
MPRegen 0.10/turn                (no ring)
                                 (no ring)
                                 (no ring)

@: confused
A: almost no armour, amphibious, 8 rings, camouflage 1, gelatinous body 1,
(nimble swimmer 1), tentacles
a: no special abilities


You were on level 3 of the Dungeon.
You visited 1 branch of the dungeon, and saw 5 of its levels.

You collected 79 gold pieces.

Inventory:

Hand Weapons
 a - a +2 war axe (weapon)
 n - a +2 halberd of flaming
Missiles
 o - a throwing net (quivered)
Armour
 b - a +1 buckler (worn)
Jewellery
 d - a ring of ice (right tentacle)
 k - a ring of poison resistance (left tentacle)
 m - a ring of protection from fire (on tentacle)
Wands
 r - a wand of flame (34)
Scrolls
 s - a scroll of identify
Potions
 c - a potion of might
 e - 2 potions of flight {unknown}
 f - 2 potions of heal wounds {unknown}
 g - a potion of curing {unknown}
 h - 3 potions of invisibility
 i - 2 potions of mutation {unknown}
 j - a potion of brilliance {unknown}
 l - a potion of magic {unknown}
 p - a potion of attraction {unknown}
 q - a potion of degeneration {unknown}


   Skills:
 + Level 4.0 Fighting
 + Level 4.2 Axes
 + Level 3.6 Dodging
 + Level 3.3 Stealth
 + Level 3.5 Shields


You had 5 spell levels left.
You didn't know any spells.
Your spell library contained the following spells:

 Spells                   Type           Power      Damage    Failure   Level
 Magic Dart               Conj           0%         1d3       45%         1
 Call Imp                 Summ           0%         N/A       58%         2
 Mephitic Cloud           Conj/Pois/Air  0%         N/A       83%         3
 Stone Arrow              Conj/Erth      0%         3d7       83%         3
 Lehudib's Crystal Spear  Conj/Erth      0%         10d2      100%        8
 Animate Armour           Summ/Erth      Unusable   N/A       N/A         4

Dungeon Overview and Level Annotations

Branches:
Dungeon (5/15)
 Temple: D:4-7

Altars:


Innate Abilities, Weirdness & Mutations

You cannot wear most types of armour.
You are amphibious.
You can wear up to eight rings at the same time.
Your skin changes colour to match your surroundings (Stealth+).
Your rubbery body absorbs attacks. (AC +1, EV +1)
((You are camouflaged when in or above water. (Stealth+)))
You have tentacles for arms and can constrict up to eight enemies at once.


Message History

A rat comes into view.
You slash the orc wizard! You grab the orc wizard.
You tentacle-slap the orc wizard, but do no damage.
The orc wizard is severely wounded.
You constrict the orc wizard. The orc wizard misses you.
You hit the orc wizard.
You kill the orc wizard!
Your Fighting skill increases to level 4!
You barely miss something. Something hits you.
An orc comes into view. It is wielding a +0 falchion.
You block something's attack.
You hit something. Something hits you.
You barely miss something. Your squeeze misses something. You hit the kobold.
You kill the kobold!
Something hits you.
You hit something but do no damage. Your squeeze misses something.
You closely miss the rat. Something hits you.
The rat bites you but does no damage. The rat barely misses you.
You hear some strange, mumbled words.
Something tries to affect you, but you resist.
You closely miss something. Your squeeze misses something. You slash the rat!
You kill the rat!
Something completely misses you.
You miss something. Your squeeze misses something. You hit the orc.
Something hits you. The orc hits you with a +0 falchion.
A ball python comes into view.
Something hits you. The orc misses you.
The ball python hisses angrily.
You hit something. Your squeeze misses something. You hit the orc.
You kill the orc!
You block something's attack.
You miss something. You block something's attack.
You miss something. Something hits you.
You hear some strange, mumbled words.
You are confused.
Something hits you.
* * * LOW HITPOINT WARNING * * *
A magic dart appears from out of thin air!
The magic dart hits you!
You die...

# #..###.####.#
#.#..#...####+####
####.#....###........
.........## #<......#
#........# #........
..###....# #........
#....# #.).....#
#..).####.{S.....
#.......@.#######
####......# #......#
#......# #......#
#......# #......#
#....###


You could see a ball python.

Vanquished Creatures
  A hound (D:4)
  Crazy Yiuf (D:2)
  2 iguanas
  Jessica (D:3)
  An orc wizard (D:3)
  Robin (D:3)
  3 gnolls (D:2)
  2 dart slugs
  3 orcs (D:3)
  7 bats
  8 endoplasms
  2 giant cockroaches
  10 goblins
  6 hobgoblins
  2 jackals (D:3)
  2 quokkas (D:1)
  3 ball pythons (D:1)
  2 frilled lizards (D:2)
  4 kobolds
  5 rats
66 creatures vanquished.

Notes
Turn   | Place    | Note
-------+----------+-------------------------------------------
     0 | D:1      | Goldberg the Octopode Fighter began the quest for the Orb.
     0 | D:1      | Reached XP level 1. HP: 16/16 MP: 1/1
    98 | D:1      | Reached XP level 2. HP: 15/21 MP: 2/2
   996 | D:2      | Reached XP level 3. HP: 25/26 MP: 3/3
  1086 | D:2      | Reached skill level 1 in Stealth
  1090 | D:2      | HP: 1/26 [gnoll/+0 spear (7)]
  1092 | D:2      | Reached XP level 4. HP: 1/31 MP: 4/4
  1559 | D:2      | Found a runed translucent door.
  1560 | D:2      | Noticed Crazy Yiuf
  1568 | D:2      | Killed Crazy Yiuf
  1976 | D:3      | You fall into a shaft and drop 2 floors!
  1976 | D:5      | Entered Level 5 of the Dungeon
  1997 | D:5      | Reached XP level 5. HP: 37/37 MP: 5/5
  2119 | D:3      | Noticed Robin
  2129 | D:3      | Killed Robin
  2188 | D:3      | Noticed Jessica
  2197 | D:3      | Killed Jessica
  2198 | D:3      | Reached XP level 6. HP: 41/43 MP: 6/6
  2227 | D:3      | Killed from afar by an orc wizard

Illustrated notes

Levels and vault maps discovered:
D:1:      psy_arrival_radial01, layout_rooms, serial_forest,
          infiniplex_forest_straight_3, infiniplex_forest_lined_2,
          infiniplex_forest_lined_room_2, infiniplex_forest_clump_tiny,
          infiniplex_forest_end_double, infiniplex_forest_lined_3,
          hangedman_decor_points, nicolae_concentric_dashed_squares_wild
D:2:      layout_basic, minivault_11, kennysheep_potato, uniq_crazy_yiuf_cottage
D:3:      layout_basic, nzn_hepliaklqana_mist_gate, minmay_between, uniq_robin,
          uniq_jessica
D:4:      layout_basic, chequers_serial_rivers_marsh, uniq_menkaure
D:5:      layout_rooms, mainiacjoe_overflow_tiny_flanked,
          makhleb_altar_promises_db, minivault_23, uniq_prince_ribbit1

Skill      XL: |  1  2  3  4  5  6 |
---------------+-------------------+-----
Stealth        | 1 2 3 |  3.3
Axes           | 3 4 |  4.2
Fighting       | 4 |  4.0
Dodging        | |  3.6
Shields        | |  3.5

Action                     |  1- 3 |  4- 6 || total
---------------------------+-------+-------++-------
  Melee: War axe           |    50 |    64 ||   114
         Constrict         |    14 |    15 ||    29
         Tentacles         |    10 |     9 ||    19
         Punch             |     1 |     2 ||     3
    Use: Scroll            |     5 |     5 ||    10
   Stab: Sleeping          |     5 |     3 ||     8
 Armour: Skin              |     7 |     1 ||     8
  Dodge: Dodged            |    34 |    32 ||    66
  Block: Buckler           |    10 |    21 ||    31

Table legend: (Time is in decaauts)
 A = Elapsed time spent in this place.
 B = Non-inter-level travel time spent in this place.
 C = Inter-level travel time spent in this place.
 D = Time resting spent in this place.
 E = Time spent auto-exploring this place.
 F = Levels seen in this place.
 G = Mean time per level.
                   A        B        C        D        E       F      G
               +--------+--------+--------+--------+--------+-----+--------+
         Total |   2268 |   2149 |    119 |    261 |   1222 |   5 |  453.6 |
       Dungeon |   2268 |   2149 |    119 |    261 |   1222 |   5 |  453.6 |
               +--------+--------+--------+--------+--------+-----+--------+

Top non-repeatable levels by time:
     D:2: 1014 daAuts
     D:1: 987 daAuts
     D:3: 202 daAuts
     D:4: 41 daAuts
     D:5: 22 daAuts
